MID
KANE COUNTY COUGARS @ FORT WAYNE TINCAPS
08/25/2047
 
TOP OF THE 1ST
Kane County Cougars batting - Pitching for Fort Wayne TinCaps : RHP Eric Johnson
Pitching: RHP Eric Johnson
Batting: SHB Blaine Peters 0-0: Foul Ball, location: 2F
0-1: Reached on error, E4 (Groundball, 4, EV 106.9 MPH)
Batting: RHB D.J. Cooke 0-0: Ball
1-0: Swinging Strike
1-1: Called Strike
Blaine Peters is caught stealing 2nd base 2-4
1-2: Ball
2-2: SINGLE (Groundball, 6S, EV 66.9 MPH) (infield hit)
Batting: RHB Chad Mendoza 0-0: Ball
D.J. Cooke steals 2nd base
1-0: Ball
2-0: Called Strike
2-1: Ball
3-1: Called Strike
3-2: Fly out, F8 (Flyball, 8LXD, EV 103.1 MPH)
Runner from 2nd tags up, SAFE at 3rd, no throw by CF
Batting: LHB Koson Hirai 0-0: Foul Ball, location: 2F
0-1: Ball
1-1: Ball
2-1: Fly out, F6 (Popup, 6, EV 75.0 MPH)
Top of the 1st over - 0 runs, 1 hit, 1 error, 1 left on base; Kane County 0 - Fort Wayne 0
BOTTOM OF THE 1ST
Fort Wayne TinCaps batting - Pitching for Kane County Cougars : RHP Whitney Batten
Pitching: RHP Whitney Batten
Batting: RHB Dave McBain 0-0: Called Strike
0-1: Foul Ball, location: 2F
0-2: Ground out 6-3 (Groundball, 6, EV 82.5 MPH)
Batting: RHB Tak-keung Chieu 0-0: Ball
1-0: Ball
2-0: Called Strike
2-1: SOLO HOME RUN (Flyball, 7D, EV 103.1 MPH), Distance : 388 ft
Batting: SHB Yutaro Takahashi 0-0: Ball
1-0: Foul Ball, location: 2F
1-1: Ball
2-1: Foul Ball, location: 2F
2-2: Strikes out looking
Batting: RHB Freddie Brown 0-0: Called Strike
0-1: Reached on error, E6 (Groundball, 56, EV 84.4 MPH)
Batting: RHB John Freeman 0-0: Called Strike
Freddie Brown steals 2nd base
0-1: Foul Ball, location: 2F
0-2: Ball
1-2: Ball
2-2: Foul Ball, location: 2F
2-2: Strikes out swinging
Bottom of the 1st over - 1 run, 1 hit, 1 error, 1 left on base; Kane County 0 - Fort Wayne 1
TOP OF THE 2ND
Kane County Cougars batting - Pitching for Fort Wayne TinCaps : RHP Eric Johnson
Batting: RHB Josh Burrows 0-0: Called Strike
0-1: DOUBLE (Line Drive, 78XD, EV 103.8 MPH)
Batting: RHB Sergio Manzanero 0-0: Ball
1-0: Foul Ball, location: 2F
1-1: Called Strike
1-2: Ball
2-2: Strikes out swinging
Batting: LHB Jeff Harmon 0-0: Swinging Strike
0-1: Foul Ball, location: 2F
0-2: Strikes out swinging
Batting: LHB Jeff Trapp 0-0: Called Strike
0-1: Swinging Strike
0-2: Ball
1-2: Foul Ball, location: 2F
1-2: Foul Ball, location: 2F
1-2: Foul Ball, location: 2F
1-2: SINGLE (Groundball, 6MD, EV 109.4 MPH)
Josh Burrows to third
Runner from 3rd tries for Home, SAFE, throw by CF to home
Batting: RHB Ernesto Zamora 0-0: Ball
1-0: Called Strike
Jeff Trapp steals 2nd, throwing error, E2
Jeff Trapp to third
1-1: Ball
2-1: Swinging Strike
2-2: Strikes out swinging
Top of the 2nd over - 1 run, 2 hits, 1 error, 1 left on base; Kane County 1 - Fort Wayne 1
BOTTOM OF THE 2ND
Fort Wayne TinCaps batting - Pitching for Kane County Cougars : RHP Whitney Batten
Batting: RHB Hector Fernandez 0-0: Swinging Strike
0-1: Foul Ball, location: 2F
0-2: Ball
1-2: Ball
2-2: Foul Ball, location: 2F
2-2: Ball
3-2: Fly out, F7 (Flyball, 7S, EV 83.8 MPH)
Batting: RHB Mike Titus 0-0: Ground out 6-3 (Groundball, 6, EV 108.8 MPH)
Batting: RHB Phil McFadden 0-0: Swinging Strike
0-1: Fly out, F4 (Popup, 4M, EV 60.0 MPH)
Bottom of the 2nd over - 0 runs, 0 hits, 0 errors, 0 left on base; Kane County 1 - Fort Wayne 1
TOP OF THE 3RD
Kane County Cougars batting - Pitching for Fort Wayne TinCaps : RHP Eric Johnson
Batting: SHB Blaine Peters 0-0: Ball
1-0: Ball
2-0: Foul Ball, location: 2F
2-1: Foul Ball, location: 2F
2-2: Ground out 4-3 (Groundball, 4, EV 90.0 MPH)
Batting: RHB D.J. Cooke 0-0: Foul Ball, location: 2F
0-1: Swinging Strike
0-2: Strikes out swinging
Batting: RHB Chad Mendoza 0-0: Ball
1-0: Called Strike
1-1: SINGLE (Groundball, 56D, EV 103.1 MPH)
Batting: LHB Koson Hirai 0-0: Ball
1-0: Called Strike
1-1: Ball
2-1: Ball
3-1: Fly out, F8 (Flyball, 8LM, EV 95.0 MPH)
Top of the 3rd over - 0 runs, 1 hit, 0 errors, 1 left on base; Kane County 1 - Fort Wayne 1
BOTTOM OF THE 3RD
Fort Wayne TinCaps batting - Pitching for Kane County Cougars : RHP Whitney Batten
Batting: RHB Ed Oake 0-0: Ball
1-0: Called Strike
1-1: Swinging Strike
1-2: Ball
2-2: Ball
3-2: Base on Balls
Batting: RHB Dave McBain 0-0: Ground out 5-3 (Groundball, 56S, EV 83.8 MPH)
Ed Oake to second
Batting: RHB Tak-keung Chieu 0-0: Ball
1-0: Ground out U3 (Groundball, 34, EV 100.6 MPH)
Ed Oake to third
Batting: SHB Yutaro Takahashi 0-0: Called Strike
0-1: Ball
1-1: Foul Ball, location: 2F
1-2: Foul Ball, location: 2F
1-2: SINGLE (Groundball, 6M, EV 96.9 MPH)
Ed Oake scores
Batting: RHB Freddie Brown 0-0: Swinging Strike
0-1: Ball
Yutaro Takahashi steals 2nd base (no throw)
1-1: Foul Ball, location: 2F
1-2: Ground out 6-3 (Groundball, 6, EV 80.0 MPH)
Bottom of the 3rd over - 1 run, 1 hit, 0 errors, 1 left on base; Kane County 1 - Fort Wayne 2
TOP OF THE 4TH
Kane County Cougars batting - Pitching for Fort Wayne TinCaps : RHP Eric Johnson
Batting: RHB Josh Burrows 0-0: Swinging Strike
0-1: Ball
1-1: DOUBLE (Groundball, 5L, EV 101.2 MPH)
Batting: RHB Sergio Manzanero 0-0: Swinging Strike
0-1: Swinging Strike
0-2: Strikes out swinging
Batting: LHB Jeff Harmon 0-0: Called Strike
0-1: Foul Ball, location: 2F
0-2: Ball
1-2: Strikes out swinging
Batting: LHB Jeff Trapp 0-0: Called Strike
0-1: Called Strike
0-2: Ball
1-2: Ground out 4-3 (Groundball, 4, EV 86.2 MPH)
Top of the 4th over - 0 runs, 1 hit, 0 errors, 1 left on base; Kane County 1 - Fort Wayne 2
BOTTOM OF THE 4TH
Fort Wayne TinCaps batting - Pitching for Kane County Cougars : RHP Whitney Batten
Batting: RHB John Freeman 0-0: Called Strike
0-1: Swinging Strike
0-2: Strikes out looking
Batting: RHB Hector Fernandez 0-0: Ball
1-0: Ball
2-0: Called Strike
2-1: Ground out 5-3 (Groundball, 56, EV 106.9 MPH)
Batting: RHB Mike Titus 0-0: Foul Ball, location: 2F
0-1: Foul Ball, location: 2F
0-2: Ball
1-2: Foul Ball, location: 2F
1-2: Foul Ball, location: 2F
1-2: Ball
2-2: Ball
3-2: Fly out, F4 (Line Drive, 4M, EV 70.6 MPH)
Bottom of the 4th over - 0 runs, 0 hits, 0 errors, 0 left on base; Kane County 1 - Fort Wayne 2
TOP OF THE 5TH
Kane County Cougars batting - Pitching for Fort Wayne TinCaps : RHP Eric Johnson
Batting: RHB Ernesto Zamora 0-0: Ground out 5-3 (Groundball, 5, EV 110.6 MPH)
Batting: SHB Blaine Peters 0-0: Ball
1-0: Fly out, F8 (Flyball, 8RM, EV 95.6 MPH)
Batting: RHB D.J. Cooke 0-0: Called Strike
0-1: SINGLE (Line Drive, 34D, EV 95.6 MPH)
Batting: RHB Chad Mendoza 0-0: Ball
1-0: Fly out, F5 (Line Drive, 5L, EV 65.0 MPH)
Top of the 5th over - 0 runs, 1 hit, 0 errors, 1 left on base; Kane County 1 - Fort Wayne 2
BOTTOM OF THE 5TH
Fort Wayne TinCaps batting - Pitching for Kane County Cougars : RHP Whitney Batten
Batting: RHB Phil McFadden 0-0: Ball
1-0: Ball
2-0: Foul Ball, location: 2F
2-1: Foul Ball, location: 2F
2-2: Ball
3-2: Foul Ball, location: 2F
3-2: Strikes out swinging
Batting: RHB Ed Oake 0-0: Ball
1-0: Ball
2-0: Called Strike
2-1: DOUBLE (Line Drive, 9LS, EV 108.8 MPH)
Batting: RHB Dave McBain 0-0: Called Strike
0-1: Ball
1-1: Ball
2-1: Ball
3-1: Called Strike
3-2: Foul Ball, location: 2F
3-2: Base on Balls
Batting: RHB Tak-keung Chieu 0-0: Grounds into double play, 1-6-3 (Groundball, 34S, EV 63.8 MPH)
Bottom of the 5th over - 0 runs, 1 hit, 0 errors, 1 left on base; Kane County 1 - Fort Wayne 2
TOP OF THE 6TH
Kane County Cougars batting - Pitching for Fort Wayne TinCaps : RHP Eric Johnson
Batting: LHB Koson Hirai 0-0: Ball
1-0: Ball
2-0: Ground out 4-3 (Groundball, 4, EV 88.1 MPH)
Batting: RHB Josh Burrows 0-0: SINGLE (Line Drive, 9S, EV 105.0 MPH)
Batting: RHB Sergio Manzanero 0-0: Ball
1-0: Ball
2-0: Ball
3-0: Base on Balls
Josh Burrows to second
Batting: LHB Jeff Harmon 0-0: Called Strike
0-1: Ball
Passed Ball!
Josh Burrows to third
Sergio Manzanero to second
1-1: Called Strike
1-2: Ball
2-2: Ball
3-2: Strikes out swinging
Batting: LHB Jeff Trapp 0-0: Called Strike
0-1: Called Strike
0-2: Ball
1-2: Strikes out swinging
Top of the 6th over - 0 runs, 1 hit, 0 errors, 2 left on base; Kane County 1 - Fort Wayne 2
BOTTOM OF THE 6TH
Fort Wayne TinCaps batting - Pitching for Kane County Cougars : RHP Whitney Batten
Batting: SHB Yutaro Takahashi 0-0: Called Strike
0-1: Called Strike
0-2: SINGLE (Flyball, 78S, EV 91.9 MPH)
Batting: RHB Freddie Brown 0-0: Called Strike
Yutaro Takahashi is caught stealing 2nd base 2-4
0-1: Ball
1-1: Fly out, F7 (Flyball, 7, EV 86.2 MPH)
Batting: RHB John Freeman 0-0: Ball
1-0: Ball
2-0: Ground out 6-3 (Groundball, 6M, EV 97.5 MPH)
Bottom of the 6th over - 0 runs, 1 hit, 0 errors, 0 left on base; Kane County 1 - Fort Wayne 2
TOP OF THE 7TH
Kane County Cougars batting - Pitching for Fort Wayne TinCaps : RHP Eric Johnson
Batting: RHB Ernesto Zamora 0-0: Fly out, F9 (Flyball, 89D, EV 94.4 MPH)
Pitching: RHP Eric Busby
Batting: SHB Blaine Peters 0-0: SINGLE (Line Drive, 4D, EV 106.9 MPH)
Batting: RHB D.J. Cooke 0-0: Called Strike
0-1: Foul Ball, location: 2F
0-2: Ball
Blaine Peters steals 2nd base
1-2: Strikes out swinging
Batting: RHB Chad Mendoza 0-0: Foul Ball, location: 2F
0-1: Ball
1-1: Foul Ball, location: 2F
1-2: Strikes out looking
Top of the 7th over - 0 runs, 1 hit, 0 errors, 1 left on base; Kane County 1 - Fort Wayne 2
BOTTOM OF THE 7TH
Fort Wayne TinCaps batting - Pitching for Kane County Cougars : RHP Whitney Batten
Batting: RHB Hector Fernandez 0-0: Called Strike
0-1: Ground out 5-3 (Groundball, 56, EV 80.0 MPH)
Batting: RHB Mike Titus 0-0: Ball
1-0: Ball
2-0: DOUBLE (Groundball, 5L, EV 109.4 MPH)
Batting: RHB Phil McFadden 0-0: Intentional Walk
Batting: RHB Ed Oake 0-0: Ball
1-0: Ball
2-0: Foul Ball, location: 2F
2-1: Swinging Strike
2-2: Foul Ball, location: 2F
2-2: Foul Ball, location: 2F
2-2: Strikes out looking
Pitching: RHP Dan Thompson
Batting: RHB Dave McBain 0-0: Ball
1-0: Called Strike
1-1: Called Strike
1-2: Foul Ball, location: 2F
1-2: Ball
2-2: Ball
3-2: Base on Balls
Mike Titus to third
Phil McFadden to second
Batting: RHB Tak-keung Chieu 0-0: Ball
1-0: Ball
2-0: Ball
3-0: Called Strike
3-1: Foul Ball, location: 2F
3-2: SINGLE (Flyball, 56D, EV 87.5 MPH)
Mike Titus scores
Phil McFadden to third
Dave McBain to second
Phil McFadden scores
Dave McBain to third
Batting: SHB Yutaro Takahashi 0-0: Ball
1-0: Ball
2-0: Called Strike
2-1: Foul Ball, location: 2F
2-2: Ground out 4-3 (Groundball, 13, EV 87.5 MPH)
Bottom of the 7th over - 2 runs, 2 hits, 0 errors, 2 left on base; Kane County 1 - Fort Wayne 4
TOP OF THE 8TH
Kane County Cougars batting - Pitching for Fort Wayne TinCaps : RHP Eric Busby
Batting: LHB Koson Hirai 0-0: Ball
1-0: DOUBLE (Flyball, 78D, EV 101.2 MPH)
Batting: RHB Josh Burrows 0-0: Foul Ball, location: 2F
0-1: Swinging Strike
0-2: Foul Ball, location: 2F
0-2: Ball
1-2: Foul Ball, location: 2F
1-2: Ball
2-2: Strikes out swinging
Batting: RHB Sergio Manzanero 0-0: Swinging Strike
0-1: Ball
1-1: Ball
2-1: Foul Ball, location: 2F
2-2: Ground out 4-3 (Groundball, 4, EV 85.0 MPH)
Koson Hirai to third
Batting: LHB Jeff Harmon 0-0: Ball
1-0: Ball
2-0: DOUBLE (Line Drive, 78M, EV 94.4 MPH)
Koson Hirai scores
Batting: LHB Jeff Trapp 0-0: Called Strike
0-1: Ball
1-1: Swinging Strike
1-2: Foul Ball, location: 2F
1-2: Ground out 5-3 (Groundball, 56, EV 76.9 MPH)
Top of the 8th over - 1 run, 2 hits, 0 errors, 1 left on base; Kane County 2 - Fort Wayne 4
BOTTOM OF THE 8TH
Fort Wayne TinCaps batting - Pitching for Kane County Cougars : RHP Dan Thompson
Pitching: LHP Heath Henderson
Batting: RHB Freddie Brown 0-0: Ball
1-0: Ball
2-0: Foul Ball, location: 2F
2-1: Ball
3-1: Foul Ball, location: 2F
3-2: Strikes out swinging
Batting: RHB John Freeman 0-0: Foul Ball, location: 2F
0-1: Ball
1-1: Fly out, F7 (Flyball, 78M, EV 97.5 MPH)
Batting: RHB Hector Fernandez 0-0: Ball
1-0: Ball
2-0: Called Strike
2-1: Ball
3-1: Called Strike
3-2: Foul Ball, location: 2F
3-2: Strikes out swinging
Bottom of the 8th over - 0 runs, 0 hits, 0 errors, 0 left on base; Kane County 2 - Fort Wayne 4
TOP OF THE 9TH
Kane County Cougars batting - Pitching for Fort Wayne TinCaps : RHP Eric Busby
Pitching: LHP Ismael Diaz
Batting: RHB Ernesto Zamora 0-0: Called Strike
0-1: Ground out 6-3 (Groundball, 6, EV 82.5 MPH)
Batting: SHB Blaine Peters 0-0: Ball
1-0: Called Strike
1-1: Swinging Strike
1-2: Strikes out swinging
Batting: RHB D.J. Cooke 0-0: Called Strike
0-1: Ball
1-1: Foul Ball, location: 2F
1-2: Strikes out swinging
Top of the 9th over - 0 runs, 0 hits, 0 errors, 0 left on base; Kane County 2 - Fort Wayne 4
Thursday, December 15th , 2022 - OOTP Baseball 23.9 Build 102